 Dungeon Crawl Stone Soup version 0.30-a0-475-g03497ec522 (webtiles) character file.

Game seed: 1175934764964552191

6876 IdlyInterested the Carver (level 10, -6/106 HPs)
             Began as a Demonspawn Gladiator on Dec 20, 2022.
             Was a Follower of Trog.
             Mangled by a yak (11 damage)
             ... on level 10 of the Dungeon.
             The game lasted 00:40:14 (9641 turns).

IdlyInterested the Carver (Demonspawn Gladiator)    Turns: 9641, Time: 00:40:15

Health: -6/106     AC: 11    Str: 10    XL:     10   Next: 78%
Magic:  10/10      EV:  8    Int: 10    God:    Trog [*.....]
Gold:   144        SH: 20    Dex: 25    Spells: 9/9 levels left

rFire   + + +      SeeInvis .    f - +4 scimitar
rCold   + + .      Faith    .    P - +2 tower shield {rPois}
rNeg    + + .      Spirit   .    G - +4 scale mail
rPois   +          Reflect  .    (helmet restricted)
rElec   .          Harm     .    D - scarf {+Inv}
rCorr   .          Rampage  .    (no gloves)
Will    .....                    j - +0 pair of boots "Tyblekh" {rC+ rN++}
Stlth   ..........               J - amulet of regeneration
HPRegen 1.17/turn                i - ring "Mug Ycri" {rF+ rC+ Slay+3}
MPRegen 0.12/turn                v - ring of Ocoad {rF++ Str-4 Dex+6}

@: mighty, berserking (expiring), slowed
A: horns 2, repulsion field 1, powered by pain 2, condensation shield
a: Renounce Religion, Evoke Invisibility, Berserk


You were on level 10 of the Dungeon.
You worshipped Trog.
Trog was aware of your devotion.
You visited 2 branches of the dungeon, and saw 11 of its levels.
You also visited: Sewer and Bailey.

You collected 699 gold pieces.
You spent 555 gold pieces at shops.

Inventory:

Hand Weapons
 a - a +1 scimitar of freezing
 f - a +4 scimitar (weapon)
 o - a +0 rapier
 K - a +0 scimitar
Missiles
 d - 3 throwing nets
 m - 51 stones (quivered)
 p - 3 atropa-tipped darts
 q - 4 poisoned darts
 t - 6 silver javelins
 y - a javelin
 M - 6 boomerangs
 O - a curare-tipped dart
Armour
 e - a +1 robe of resistance
 j - the +0 pair of boots "Tyblekh" (worn) {rC+ rN++}
   (You bought it in a shop on level 6 of the Dungeon)

   rC:        It protects you from cold.
   rN:        It greatly protects you from negative energy.
 s - a +2 leather armour of cold resistance
 C - a scarf of repulsion
 D - a scarf of invisibility (worn)
 G - a +4 scale mail (worn)
 P - a +2 tower shield of poison resistance (worn)
 R - the +2 scale mail of Supple Strength {Drain rCorr Str+7 SInv}
   (You bought it in a shop on level 6 of the Dungeon)

   Str:       It affects your strength (+7).
   SInv:      It lets you see invisible.
   rCorr:     It protects you from acid and corrosion.
   Drain:     It drains your maximum health when unequipped.
 S - a +0 robe of willpower
Jewellery
 i - the ring "Mug Ycri" (left hand) {rF+ rC+ Slay+3}
   (You acquired it on level 2 of the Dungeon)

   [ring of protection from fire]

   Slay:      It affects your accuracy & damage with ranged weapons and melee
   (+3).
   rF:        It protects you from fire.
   rC:        It protects you from cold.
 v - the ring of Ocoad (right hand) {rF++ Str-4 Dex+6}
   (You acquired it on level 2 of the Dungeon)

   [ring of dexterity]

   Str:       It affects your strength (-4).
   Dex:       It affects your dexterity (+6).
   rF:        It greatly protects you from fire.
 B - a ring of positive energy
 I - a ring of protection from cold
 J - an amulet of regeneration (around neck)
Wands
 b - a wand of flame (9)
 g - a wand of iceblast (10)
 r - a wand of light (20)
 E - a wand of polymorph (12)
Scrolls
 l - 4 scrolls of vulnerability
 n - a scroll of brand weapon
 w - a scroll of immolation
 L - 3 scrolls of identify
 Q - a scroll of teleportation
 T - a scroll of enchant weapon
Potions
 c - 2 potions of ambrosia
 h - a potion of heal wounds
 k - a potion of brilliance
 u - 2 potions of curing
 x - a potion of mutation
 z - 4 potions of lignification
 A - a potion of cancellation
 F - 2 potions of flight
 N - 2 potions of magic


   Skills:
 - Level 4.0 Fighting
 - Level 14.0 Long Blades
 - Level 2.0 Throwing
 * Level 1.3 Armour
 - Level 4.0 Dodging
 - Level 1.0 Stealth
 * Level 0.4 Shields
 - Level 4.0 Evocations


You had 9 spell levels left.
You didn't know any spells.
Your spell library contained the following spells:

 Spells                   Type           Power      Damage    Failure   Level
 Sandblast                Erth           0%         2d4       100%        1
 Blink                    Tloc           0%         N/A       100%        2
 Momentum Strike          Conj/Tloc      0%         3d8       100%        2
 Passwall                 Tmut/Erth      0%         N/A       100%        2
 Static Discharge         Conj/Air       0%         2-2/arc   100%        2
 Lesser Beckoning         Tloc           0%         N/A       100%        3
 Stone Arrow              Conj/Erth      0%         3d7       100%        3
 Vhi's Electric Charge    Tloc/Air       0%         N/A       100%        3
 Animate Armour           Summ/Erth      0%         N/A       100%        4
 Arcjolt                  Conj/Air       0%         1d10      100%        5
 Lightning Bolt           Conj/Air       0%         1d11      100%        5
 Lehudib's Crystal Spear  Conj/Erth      0%         10d2      100%        8


Dungeon Overview and Level Annotations

Branches:
Dungeon (10/15)            Temple (1/1) D:6           Sewer (visited)
 Bailey (visited)
   Lair: D:8-11         Orc: D:9-12

Altars:
Ashenzari
Cheibriados
Fedhas
Gozag
Hepliaklqana
Kikubaaqudgha
Makhleb
Nemelex Xobeh
Okawaru
Qazlal
Ru
Sif Muna
Trog
Uskayaw
Vehumet
Wu Jian
Xom
Yredelemnul

Shops:
D:6 [


Innate Abilities, Weirdness & Mutations

You have a pair of horns on your head.
You are surrounded by a mild repulsion field. (EV +2)
You sometimes gain power by taking damage.
A meltable shield of frost defends you. (SH +4)


Message History

The wraith hits you but does no damage. The yak gores you. The yak gores you!
You focus on the pain.
You feel very mighty all of a sudden. You block the yak's attack.
The yak gores you but does no damage. The yak gores you! The wraith hits you!
You block the yak's attack.
You completely miss the yak. You headbutt the yak!
The yak is heavily wounded.
You block the yak's attack.
The yak gores you. x2; The yak gores you!
* * * LOW HITPOINT WARNING * * *
You focus on the pain.
You feel mightier all of a sudden. You block the wraith's attack.
You slice the yak!!
You kill the yak!
Trog accepts your kill.
You block the yak's attack. x3; You block the wraith's attack.
Training target 14.0 for Long Blades reached!
Your Long Blades skill increases to level 14!
You need to enable at least one skill for training.
You slash the wraith!
The wraith is moderately damaged.
The yak barely misses you. You block the yak's attack. x2
You block the wraith's attack.
You slice the wraith!!
The wraith is almost destroyed.
You block the yak's attack. The yak gores you.
* * * LOW HITPOINT WARNING * * *
The yak gores you!
* * * LOW HITPOINT WARNING * * *
The wraith closely misses you.
You barely miss the wraith.
The wraith is almost destroyed.
You block the yak's attack. The yak completely misses you. The yak gores you!
* * * LOW HITPOINT WARNING * * *
You block the wraith's attack.
You slice the wraith!!
You destroy the wraith!
Trog accepts your kill. The yak gores you!
You die...

#.#
#.#........P....
#.#........P....
#.#........P....
#.#.............
#<#...........(.
#+#.............
......YY.....(.
......Y@.......
...............
##.............
...............
##.......).....
#.............
#.............
#........[....


You could see 3 yaks.

Vanquished Creatures
  The ghost of ytrimaz the Fighter, a novice DrBe of Trog (D:6)
  A cyclops (D:6)
  Psyche (D:8)
  A troll (D:9)
  Grinder (D:4)
  A wraith (D:10)
  8 yaks
  2 wyverns (D:9)
  Eustachio (D:4)
  A steam dragon (D:7)
  2 water moccasins
  6 orc warriors
  2 ice beasts (D:7)
  A sky beast (D:6)
  A black bear (D:6)
  3 ogres
  A centaur (D:6)
  2 phantoms (D:5)
  A kobold brigand (D:8)
  Blork the orc (D:4)
  A necrophage (D:7)
  4 scorpions
  A bullfrog (D:6)
  11 wights
  A howler monkey (D:4)
  5 hounds
  2 jellies (D:6)
  6 orc priests
  A gnoll bouda (D:8)
  Ijyb (D:4)
  7 iguanas
  4 orc wizards
  4 gnolls (D:8)
  15 adders
  A shadow imp (D:4)
  A white imp (D:6)
  A worm (D:2)
  A dart slug (D:3)
  32 orcs
  5 ball pythons
  5 endoplasms (D:1)
  2 giant cockroaches
  10 goblins
  10 hobgoblins
  4 jackals
  7 quokkas
  9 bats
  A frilled lizard (D:1)
  12 kobolds
  6 rats
208 creatures vanquished.

Vanquished Creatures (others)
  2 plants (D:2)
2 creatures vanquished.

Grand Total: 210 creatures vanquished

Notes
Turn   | Place    | Note
-------+----------+-------------------------------------------
     0 | D:1      | IdlyInterested the Demonspawn Gladiator began the quest for
                  | the Orb.
     0 | D:1      | Reached XP level 1. HP: 16/16 MP: 1/1
   148 | D:1      | Reached skill level 3 in Long Blades
   148 | D:1      | Gained mutation: You are surrounded by a mild repulsion
                  | field. (EV +2) [demonic ancestry]
   148 | D:1      | Reached XP level 2. HP: 22/22 MP: 2/2
   900 | D:1      | Gained mutation: A meltable shield of frost defends you.
                  | (SH +4) [demonic ancestry]
   900 | D:1      | Reached XP level 3. HP: 28/28 MP: 3/3
  1180 | D:2      | Identified a scroll of acquirement
  1180 | D:2      | Acquired the ring "Mug Ycri" {rF+ rC+ Slay+3}
  1564 | D:2      | Found a faded altar of an unknown god.
  1922 | D:3      | Gained mutation: You have a pair of small horns on your
                  | head. [demonic ancestry]
  1922 | D:3      | Reached XP level 4. HP: 34/34 MP: 4/4
  2251 | D:3      | Reached skill level 4 in Long Blades
  2400 | D:2      | Acquired the ring of Ocoad {rF++ Str-4 Dex+6}
  2757 | D:4      | Noticed Eustachio
  2757 | D:4      | Noticed Blork the orc
  2768 | D:4      | Killed Eustachio
  2769 | D:4      | Reached skill level 5 in Long Blades
  2769 | D:4      | Gained mutation: You have a pair of horns on your head.
                  | [demonic ancestry]
  2769 | D:4      | Reached XP level 5. HP: 16/41 MP: 5/5
  2773 | D:4      | Killed Blork the orc
  2774 | D:4      | Reached XP level 6. HP: 22/47 MP: 6/6
  2904 | D:4      | Reached skill level 6 in Long Blades
  2916 | D:4      | Noticed Grinder
  2928 | D:4      | Paralysed by Grinder for 3 turns
  2933 | D:4      | Paralysed by Grinder for 2 turns
  2944 | D:4      | Killed Grinder
  2945 | D:4      | Reached skill level 1 in Evocations
  2945 | D:4      | Gained mutation: You sometimes gain a little power by
                  | taking damage. [demonic ancestry]
  2945 | D:4      | Reached XP level 7. HP: 27/52 MP: 7/7
  3122 | D:4      | Reached skill level 7 in Long Blades
  3267 | D:4      | Noticed Ijyb
  3274 | D:4      | Reached skill level 1 in Armour
  3278 | D:4      | Killed Ijyb
  3518 | D:5      | Entered Level 5 of the Dungeon
  3526 | D:5      | Reached skill level 1 in Stealth
  3619 | D:5      | Reached skill level 8 in Long Blades
  3735 | D:5      | Gained mutation: You sometimes gain power by taking damage.
                  | [demonic ancestry]
  3735 | D:5      | Reached XP level 8. HP: 27/58 MP: 8/8
  4327 | D:5      | Reached skill level 9 in Long Blades
  5006 | D:6      | Found a glowing drain.
  5027 | Sewer    | Entered a sewer
  5213 | D:6      | Found Zoptenn's Antique Armour Shop.
  5340 | D:6      | Reached skill level 10 in Long Blades
  5351 | D:6      | Reached XP level 9. HP: 30/64 MP: 9/9
  5414 | D:6      | Found an opulent altar of Gozag.
  5576 | D:6      | Found an ancient bone altar of Kikubaaqudgha.
  5599 | D:6      | Found a staircase to the Ecumenical Temple.
  5606 | Temple   | Entered the Ecumenical Temple
  5710 | D:6      | Noticed a cyclops
  5710 | D:6      | Noticed ytrimaz's ghost (novice DrBe)
  5805 | D:6      | Found a runed translucent gate.
  5807 | D:6      | Found a runed translucent gate.
  5807 | D:6      | Found a runed translucent gate.
  6042 | D:6      | Killed ytrimaz's ghost
  6043 | D:6      | Reached skill level 11 in Long Blades
  6045 | D:6      | Killed a cyclops
  6111 | D:6      | Bought a pair of steaming boots for 285 gold pieces
  6111 | D:6      | Identified the +0 pair of boots "Tyblekh" {rC+ rN++} (You
                  | bought it in a shop on level 6 of the Dungeon)
  6340 | D:7      | Found a flagged portal.
  6361 | Bailey   | Entered a bailey
  6691 | Bailey   | Reached skill level 12 in Long Blades
  6715 | Bailey   | Identified the +10 war axe "Baxetz" {vorpal, Dex+5}
  6892 | D:7      | Reached XP level 10. HP: 71/71 MP: 10/10
  7550 | D:6      | Bought a spiked scale mail for 270 gold pieces
  7550 | D:6      | Identified the +2 scale mail of Supple Strength {Drain
                  | rCorr Str+7 SInv} (You bought it in a shop on level 6 of
                  | the Dungeon)
  7662 | D:8      | Found an ornate altar of the Wu Jian Council.
  7767 | D:8      | Noticed Psyche
  7775 | D:8      | Killed Psyche
  8023 | D:8      | Found a bloodstained altar of Trog.
  8042 | D:8      | Became a worshipper of Trog the Wrathful
  8726 | D:9      | Found a sparkling altar of Nemelex Xobeh.
  8825 | D:9      | Reached skill level 13 in Long Blades
  9115 | D:9      | Reached * piety under Trog
  9565 | D:10     | Entered Level 10 of the Dungeon
  9638 | D:10     | Reached skill level 14 in Long Blades
  9640 | D:10     | HP: 4/106 [yak (7)]
  9641 | D:10     | Mangled by a yak

Illustrated notes

Levels and vault maps discovered:
D:1:      wander_arrival_estate, layout_basic, columned_hall_lemuel
D:2:      layout_loops_ring, shapermc_ecumenical_altar_ellora
D:3:      layout_basic
D:4:      minmay_wonky_spiral, layout_basic, uniq_ijyb, uniq_eustachio,
          uniq_blork_the_orc, uniq_grinder
D:5:      layout_basic, minmay_crystal_room, grunt_ministairs_11,
          kennysheep_doodads
D:6:      corexii_shack_village, layout_cave_pools, nicolae_gozag_seed_capital,
          mainiacjoe_overflow_six_doors_small, minmay_temple_entry_hall,
          gammafunk_ghost_split, portal_sewer_entry_f, serial_shops,
          nicolae_shop_crystal
D:7:      layout_layer_cave, enter_bailey_3
D:8:      layout_gridville, mainiacjoe_overflow_chevrons,
          mainiacjoe_overflow_concentric_impassable, uniq_psyche
D:9:      layout_loops_corners, old_standard_altar, grunt_decor_cap
D:10:     layout_basic, nicolae_dithmenos_through_a_glass_darkly,
          mainiacjoe_overflow_boulevard, minmay_orc_entry_temple_small,
          minmay_statue_crystal_thing
Temple:   eino_wide_crystal_templ

Skill      XL: |  1  2  3  4  5  6  7  8  9 10 |
---------------+-------------------------------+-----
Dodging        | 3 4 |  4.0
Long Blades    | 3 5 6 8 10 12 14 | 14.0
Fighting       | 3 4 |  4.0
Throwing       | 2 |  2.0
Evocations     | 1 3 4 |  4.0
Armour         | 1 |  1.3
Stealth        | 1 |  1.0
Shields        | |  0.4

Action                   |  1- 3 |  4- 6 |  7- 9 | 10-12 || total
-------------------------+-------+-------+-------+-------++-------
Melee: Long sword        |    86 |    49 |   112 |       ||   247
       Headbutt          |       |     8 |    44 |    20 ||    72
       Punch             |       |     1 |     2 |       ||     3
       Scimitar          |       |       |   134 |   105 ||   239
Throw: Stone             |       |     2 |    21 |    33 ||    56
       Javelin           |       |     1 |     1 |       ||     2
Invok: Berserk           |       |       |       |     1 ||     1
Evoke: Wand              |       |       |       |     2 ||     2
  Use: Scroll            |     5 |     4 |     7 |       ||    16
       Potion            |     1 |     5 |     8 |     1 ||    15
 Stab: Sleeping          |     1 |       |     4 |       ||     5
       Invisible         |       |       |     8 |       ||     8
       Distracted        |       |       |     1 |       ||     1
Armor: Leather armour    |    16 |       |    11 |       ||    27
       Ring mail         |     7 |       |       |       ||     7
       Scale mail        |       |    25 |    78 |    17 ||   120
       Skin              |       |       |       |     7 ||     7
Dodge: Dodged            |    68 |    44 |   148 |    19 ||   279
Block: Other             |    10 |     5 |    38 |       ||    53
       Tower shield      |       |       |     7 |   112 ||   119

Table legend: (Time is in decaauts)
 A = Elapsed time spent in this place.
 B = Non-inter-level travel time spent in this place.
 C = Inter-level travel time spent in this place.
 D = Time resting spent in this place.
 E = Time spent auto-exploring this place.
 F = Levels seen in this place.
 G = Mean time per level.
                   A        B        C        D        E       F      G
               +--------+--------+--------+--------+--------+-----+--------+
         Total |   9730 |   8278 |   1452 |    514 |   5423 |  13 |  748.5 |
       Dungeon |   9076 |   7645 |   1431 |    367 |   5328 |  10 |  907.6 |
        Temple |     72 |     51 |     21 |      0 |     40 |   1 |   72.0 |
         Sewer |    134 |    134 |      0 |      0 |     55 |   1 |  134.0 |
        Bailey |    447 |    447 |      0 |    147 |      0 |   1 |  447.0 |
               +--------+--------+--------+--------+--------+-----+--------+

Top non-repeatable levels by time:
     D:5: 1492 daAuts
     D:1: 1187 daAuts
     D:9: 1039 daAuts
     D:8: 1003 daAuts
     D:7: 954 daAuts
     D:2: 951 daAuts
     D:6: 928 daAuts
     D:4: 772 daAuts
     D:3: 727 daAuts
  Bailey: 447 daAuts
   Sewer: 134 daAuts
  Temple: 72 daAuts
    D:10: 18 daAuts
